 Dungeon Crawl Stone Soup version 0.20.0-8-g6b59dc7 (webtiles) character file.

15233 mopl the Arsonist (level 11, 0/62 (64) HPs)
             Began as a Deep Elf Fire Elementalist on May 30, 2017.
             Was a Priest of Vehumet.
             Slain by Rupert
             ... wielding a +2 battleaxe of flaming
              (32 damage)
             ... on level 4 of the Lair of Beasts.
             The game lasted 00:32:33 (10390 turns).

mopl the Arsonist (Deep Elf Fire Elementalist)     Turns: 10390, Time: 00:32:34

HP:   0/62 (64)     AC: 10    Str:  5    XL:     11   Next: 99%
MP:   2/36          EV: 16    Int: 24    God:    Vehumet [***...]
Gold: 756           SH:  0    Dex: 15    Spells: 11/30 levels left

rFire    + . .     SeeInvis .   Q - +0 quarterstaff
rCold    x . .     Gourm    .   (shield currently unavailable)
rNeg     . . .     Faith    .   K - +1 troll leather armour {Snorg}
rPois    .         Spirit   .   p - +1 helmet
rElec    .         Reflect  .   C - +0 cloak
rCorr    .         Harm     .   g - +0 pair of gloves
MR       +....                  l - +0 pair of boots
Stlth    ++........             o - amulet of magic regeneration
Regen    0.6/turn               G - ring of magical power
MPRegen  0.4/turn               y - ring of fire

@: hasted, studying Dodging, very quick
A: no striking features
a: Renounce Religion


You were on level 4 of the Lair of Beasts.
You worshipped Vehumet.
Vehumet was most pleased with you.
You were hungry.

You visited 3 branches of the dungeon, and saw 14 of its levels.

You collected 756 gold pieces.

Inventory:

Hand Weapons
 Q - a +0 quarterstaff (weapon)
Missiles
 f - 3 throwing nets (quivered)
Armour
 b - the +5 ring mail of the First Emperors {-Cast rElec Slay+3, unknown}
   (You found it on level 1 of the Lair of Beasts)

   It affects your accuracy and damage with ranged weapons and melee attacks
   (+3).
   It insulates you from electricity.
   It prevents spellcasting.
 g - a +0 pair of gloves (worn)
 l - a +0 pair of boots (worn)
 p - a +1 helmet (worn)
 C - a +0 cloak (worn)
 K - a +1 troll leather armour (worn) {Snorg}
Jewellery
 a - an uncursed ring of protection from fire
 o - an amulet of magic regeneration (around neck)
 y - a ring of fire (right hand)
 F - the amulet "Duwo" {Faith rPois}
   (You found it on level 3 of the Lair of Beasts)

   [amulet of faith]

   It allows you to gain divine favour quickly.
   It protects you from poison.
 G - a ring of magical power (left hand)
 O - an uncursed ring of protection from cold
Wands
 m - a wand of flame (25/48)
 u - a wand of digging (16/24)
 I - a wand of lightning (11/15)
 J - a wand of confusion (14/48)
Scrolls
 e - 5 scrolls of identify
 h - a scroll of fear {unknown}
 i - a scroll of immolation {!r}
 n - 4 scrolls of teleportation
 t - a scroll of fog
 v - a scroll of enchant armour
 B - 2 scrolls of amnesia {unknown}
 H - a scroll of recharging {unknown}
 L - a scroll of brand weapon {unknown}
 M - 5 scrolls of noise {unknown}
 N - a scroll of summoning {unknown}
 U - a scroll of magic mapping
 V - 3 scrolls of remove curse
 X - a scroll of torment {unknown}
Potions
 d - 7 potions of might {unknown}
 k - 2 potions of brilliance
 r - a potion of mutation {!q}
 s - 3 potions of invisibility
 w - 2 potions of heal wounds
 x - 3 potions of agility
 z - a potion of haste
 A - 5 potions of curing
 D - 2 potions of cancellation
 E - a potion of lignification {!q}
 R - 2 potions of ambrosia
 S - a potion of magic
 T - 3 potions of berserk rage {!q}
 Y - 3 potions of resistance
Books
 j - a manual of Dodging
Comestibles
 c - 14 bread rations
 q - 3 meat rations


   Skills:
 + Level 5.7 Fighting
 + Level 7.7 Dodging
 - Level 2.4 Stealth
 + Level 10.2 Spellcasting
 * Level 11.8 Conjurations
 - Level 5.0 Hexes
 * Level 12.3 Fire Magic


You had 11 spell levels left.
You knew the following spells:

 Your Spells              Type           Power        Failure   Level  Hunger
a - Flame Tongue          Conj/Fire      #####        1%          1    None
c - Conjure Flame         Conj/Fire      #######.     1%          3    None
d - Sticky Flame          Conj/Fire      #######.     1%          4    #......
f - Fireball              Conj/Fire      #######...   1%          5    ####...
h - Inner Flame           Hex/Fire       ######..     1%          3    None
m - Mephitic Cloud        Conj/Pois/Air  ####....     1%          3    None


Dungeon Overview and Level Annotations

Branches:
Dungeon (9/15)             Temple (1/1) D:4            Lair (4/6) D:8
  Swamp (0/4) Lair:4       Spider (0/4) Lair:3
    Orc: D:9-12

Altars:
Cheibriados
Dithmenos
Elyvilon
Fedhas
Gozag
Hepliaklqana
Makhleb
Nemelex Xobeh
Okawaru
Qazlal
Sif Muna
Trog
Vehumet
Xom
Yredelemnul
Zin
The Shining One

Annotations:
Lair:4 Rupert


Message History

Confirm with . or Enter, or press ? or * to list all spells.
Aiming: Sticky Flame
Press: ? - help, Shift-Dir - straight line, f/p - Rupert
Aim: Rupert, wielding a battleaxe of flaming and wearing a chain mail (flame, almost dead, berserk, fast, unusually strong)
You feel a surge of power!
The sticky flame hits Rupert.
Rupert appears unharmed.
Rupert is almost dead.
Rupert is covered in liquid flames!
Rupert is engulfed in blazing flames.
Rupert closely misses you.
Casting: Sticky Flame
Confirm with . or Enter, or press ? or * to list all spells.
Aiming: Flame Tongue
Press: ? - help, Shift-Dir - straight line, f/p - Rupert
Aim: Rupert, wielding a battleaxe of flaming and wearing a chain mail (flame, almost dead, berserk, fast, unusually strong, covered in liquid flames)
You feel a surge of power!
The flame tongue hits Rupert.
Rupert is almost dead.
Rupert burns!
Rupert is engulfed in blazing flames.
Rupert hits you with a battleaxe of flaming!!
Ouch! That really hurt!
You die...

...................##P........#
............................###
###.......##.......#...####.###
.............>................#
...................#........###
.................##.#.......#
...........t................##
....#.#..####§.P#......PP.#.P#
..............§@@...........##
............P............#
........................#
.P..).....P.#...#.......#
......................##
............#...#^.....#
.>....................##
..................P...##
...................##..#


You could see Rupert (berserk) and a crocodile.

Vanquished Creatures
  Snorg (Lair:3)
  2 two-headed ogres (D:9)
  A manticore (D:9)
  4 spiny frogs
  2 rime drakes
  4 komodo dragons
  A jumping spider (Lair:3)
  7 blink frogs
  5 hippogriffs
  A redback (Lair:3)
  2 wyverns (Lair:1)
  A human (D:7)
  Eustachio (D:4)
  3 hogs (D:7)
  2 basilisks (Lair:3)
  9 yaks
  Edmund (D:6)
  6 porcupines
  8 water moccasins
  An orc warrior (D:6)
  A sky beast (D:7)
  2 necrophages (D:5)
  2 ogres (D:6)
  A phantom (D:8)
  4 centaurs
  4 crocodiles
  5 bullfrogs
  A water moccasin zombie (D:6)
  A wyvern skeleton (D:8)
  A water moccasin skeleton (D:8)
  A killer bee (D:8)
  8 scorpions
  2 electric eels (Lair:4)
  A howler monkey (D:9)
  3 crimson imps
  A centaur zombie (D:6)
  A bullfrog zombie (D:9)
  A quasit (D:8)
  An orc priest (D:4)
  7 hounds
  A centaur skeleton (D:4)
  3 orc wizards
  Jessica (D:2)
  Terence (D:1)
  An iguana (D:5)
  Natasha (thrice) (D:2)
  7 worker ants
  3 hound zombies
  2 worker ant zombies
  Robin (D:4)
  3 gnolls
  7 adders
  A white imp (D:6)
  An ooze (D:2)
  4 adder skeletons
  An adder zombie (D:5)
  3 worms
  4 dart slugs
  4 leopard geckos
  11 orcs
  5 bats
  4 giant cockroaches
  19 goblins
  18 hobgoblins
  19 jackals
  5 kobolds
  5 quokkas
  4 ball pythons
  9 frilled lizards
  A quokka skeleton (D:6)
  6 rats
  2 fungi
  3 plants
272 creatures vanquished.

Vanquished Creatures (others)
  3 fungi
3 creatures vanquished.

Grand Total: 275 creatures vanquished

Notes
Turn   | Place    | Note
-------+----------+-------------------------------------------
     0 | D:1      | mopl the Deep Elf Fire Elementalist began the quest for the Orb.
     0 | D:1      | Reached XP level 1. HP: 10/10 MP: 6/6
   158 | D:1      | Reached XP level 2. HP: 15/15 MP: 4/8
   176 | D:1      | Reached skill level 4 in Fire Magic
   556 | D:1      | Reached XP level 3. HP: 10/19 MP: 9/9
   561 | D:1      | Learned a level 3 spell: Conjure Flame
   705 | D:2      | Noticed Terence
   721 | D:1      | Killed Terence
   721 | D:1      | Reached skill level 2 in Conjurations
   869 | D:2      | Reached XP level 4. HP: 22/24 MP: 11/11
   992 | D:2      | Learned a level 4 spell: Sticky Flame
  1187 | D:2      | Noticed Natasha
  1327 | D:2      | Killed Natasha
  1327 | D:2      | Reached skill level 4 in Spellcasting
  1327 | D:2      | Reached skill level 5 in Fire Magic
  1449 | D:2      | Reached XP level 5. HP: 21/28 MP: 13/13
  1635 | D:2      | Reached skill level 3 in Conjurations
  1653 | D:2      | Noticed Natasha
  1661 | D:2      | Killed Natasha
  1701 | D:2      | Noticed Natasha
  1707 | D:2      | Killed Natasha
  1738 | D:2      | Noticed Jessica
  1751 | D:2      | Killed Jessica
  1853 | D:2      | Found a faded altar of an unknown god.
  2506 | D:3      | Reached skill level 4 in Conjurations
  2767 | D:4      | Noticed Eustachio
  2776 | D:4      | Reached XP level 6. HP: 32/32 MP: 14/14
  2783 | D:4      | Killed Eustachio
  2783 | D:4      | Reached skill level 5 in Spellcasting
  2783 | D:4      | Reached skill level 6 in Fire Magic
  2825 | D:4      | Learned a level 5 spell: Fireball
  2912 | D:4      | Noticed Robin
  2932 | D:4      | Killed Robin
  3025 | D:4      | Found a staircase to the Ecumenical Temple.
  3034 | Temple   | Entered the Ecumenical Temple
  3142 | Temple   | Became a worshipper of Vehumet
  3329 | D:4      | Reached skill level 5 in Conjurations
  3347 | D:4      | Reached XP level 7. HP: 33/36 MP: 16/16
  3914 | D:5      | Entered Level 5 of the Dungeon
  4230 | D:5      | Reached skill level 6 in Conjurations
  4230 | D:5      | Reached skill level 7 in Fire Magic
  4295 | D:5      | Learned a level 3 spell: Inner Flame
  4423 | D:6      | Reached skill level 6 in Spellcasting
  4566 | D:6      | Reached XP level 8. HP: 39/40 MP: 19/19
  4581 | D:6      | Reached skill level 1 in Fighting
  4618 | D:6      | Found a glowing golden altar of the Shining One.
  4649 | D:6      | Reached * piety under Vehumet
  4649 | D:6      | Offered knowledge of Sandblast by Vehumet.
  4659 | D:6      | Reached skill level 7 in Conjurations
  4659 | D:6      | Reached skill level 8 in Fire Magic
  4671 | D:6      | Noticed Edmund
  4747 | D:6      | Killed Edmund
  4756 | D:6      | Reached skill level 2 in Fighting
  5090 | D:5      | Found a blossoming altar of Fedhas.
  5090 | D:5      | Found a glowing golden altar of the Shining One.
  5288 | D:7      | Found a shadowy altar of Dithmenos.
  5444 | D:7      | Reached skill level 7 in Spellcasting
  5444 | D:7      | Reached XP level 9. HP: 47/47 MP: 11/21
  5444 | D:7      | Reached skill level 8 in Conjurations
  5444 | D:7      | Reached skill level 9 in Fire Magic
  5591 | D:7      | Reached skill level 3 in Fighting
  6406 | D:8      | Reached skill level 9 in Conjurations
  6421 | D:8      | Reached skill level 8 in Spellcasting
  6636 | D:8      | Found a staircase to the Lair.
  6691 | D:9      | Reached ** piety under Vehumet
  6691 | D:9      | Offered knowledge of Sting by Vehumet.
  6700 | D:9      | Reached skill level 10 in Fire Magic
  6733 | D:9      | Reached skill level 1 in Hexes
  6920 | D:9      | Noticed a two-headed ogre
  6945 | D:9      | Killed a two-headed ogre
  6945 | D:9      | Reached skill level 4 in Fighting
  6945 | D:9      | Reached skill level 3 in Dodging
  6945 | D:9      | Reached XP level 10. HP: 54/54 MP: 22/24
  6974 | D:9      | Reached skill level 2 in Hexes
  7015 | D:9      | Got an iridescent flail
  7016 | D:9      | Identified the +8 flail "Naogul" {crush, Stlth+} (You found it on level 9 of the Dungeon)
  7178 | D:9      | Noticed a manticore
  7181 | D:9      | Killed a manticore
  7194 | D:9      | Found an iron altar of Okawaru.
  7253 | D:9      | Noticed a two-headed ogre
  7263 | D:9      | Killed a two-headed ogre
  7263 | D:9      | Reached skill level 10 in Conjurations
  7263 | D:9      | Reached skill level 3 in Hexes
  7377 | Lair:1   | Entered Level 1 of the Lair of Beasts
  7418 | Lair:1   | Noticed a spiny frog
  7433 | Lair:1   | Killed a spiny frog
  7602 | Lair:1   | Reached skill level 4 in Dodging
  7605 | Lair:1   | Reached skill level 9 in Spellcasting
  7615 | Lair:1   | Offered knowledge of Throw Frost by Vehumet.
  7626 | Lair:1   | Reached skill level 11 in Fire Magic
  7827 | Lair:1   | Noticed a spiny frog
  7831 | Lair:1   | Killed a spiny frog
  7831 | Lair:1   | Reached skill level 4 in Hexes
  7848 | Lair:1   | Reached XP level 11. HP: 54/60 MP: 26/26
  7898 | Lair:1   | Reached skill level 5 in Dodging
  7907 | Lair:1   | Reached *** piety under Vehumet
  8099 | Lair:1   | Got a shimmering ring mail
  8427 | Lair:2   | Reached skill level 5 in Fighting
  8575 | Lair:2   | Reached skill level 5 in Hexes
  8577 | Lair:2   | Reached skill level 11 in Conjurations
  8655 | Lair:2   | Reached skill level 6 in Dodging
  9121 | Lair:3   | Found a hole to the Spider Nest.
  9315 | Lair:3   | Got a sparkling pewter amulet
  9317 | Lair:3   | Identified the amulet "Duwo" {Faith rPois} (You found it on level 3 of the Lair of Beasts)
  9603 | Lair:3   | Noticed Snorg
  9626 | Lair:3   | Killed Snorg
  9626 | Lair:3   | Reached skill level 10 in Spellcasting
  9626 | Lair:3   | Reached skill level 12 in Fire Magic
  9699 | Lair:3   | Reached skill level 7 in Dodging
  9951 | Lair:3   | Offered knowledge of Mephitic Cloud by Vehumet.
  9985 | Lair:3   | Learned a level 3 spell: Mephitic Cloud
 10177 | Lair:4   | Found a staircase to the Swamp.
 10194 | Lair:4   | Noticed Rupert
 10197 | Lair:4   | Paralysed by Rupert for 4 turns
 10390 | Lair:4   | Slain by Rupert

Skill      XL: |  1  2  3  4  5  6  7  8  9 10 11 |
---------------+----------------------------------+-----
Fire Magic     | 4 5 6 7 8 10 11 12 | 12.3
Conjurations   | 2 4 5 6 7 9 10 11 | 11.8
Spellcasting   | 4 5 6 7 8 9 10 | 10.2
Fighting       | 2 4 5 |  5.7
Hexes          | 1 4 5 |  5.0
Dodging        | 3 4 7 |  7.7
Stealth        | |  2.4

Action                   |  1- 3 |  4- 6 |  7- 9 | 10-12 || total
-------------------------+-------+-------+-------+-------++-------
Melee: Unarmed           |     1 |       |    10 |       ||    11
       Short sword       |       |       |    11 |       ||    11
       Quarterstaff      |       |       |    42 |    18 ||    60
 Cast: Flame Tongue      |    45 |   135 |   188 |    98 ||   466
       Conjure Flame     |       |     5 |    21 |    17 ||    43
       Sticky Flame      |       |     6 |    28 |    33 ||    67
       Fireball          |       |       |     5 |    37 ||    42
Evoke: Wand              |       |       |    14 |       ||    14
  Use: Scroll            |       |    11 |     8 |     5 ||    24
       Potion            |       |       |       |     1 ||     1
 Stab: Paralysed         |       |       |    22 |       ||    22
  Eat: Chunk             |       |     9 |    12 |    13 ||    34
       Fruit             |       |       |     3 |     2 ||     5
       Royal jelly       |       |       |       |     1 ||     1
Armor: Robe              |     2 |    10 |    64 |     3 ||    79
       Troll leather arm |       |       |       |     8 ||     8
Dodge: Dodged            |    13 |    23 |   133 |    52 ||   221
